 Dungeon Crawl Stone Soup version 0.29.1-15-g9cfb28693d (webtiles) character file.

Game seed: 6120793541801759198

247 protoss039 the Digger (level 5, -1/41 HPs)
             Began as a Demonspawn Earth Elementalist on Mar 12, 2023.
             Was an Initiate of Vehumet.
             Engulfed by a cloud of flame (18 damage)
             ... on level 4 of the Dungeon.
             The game lasted 00:03:33 (3583 turns).

protoss039 the Digger (DsEE)                        Turns: 3583, Time: 00:03:34

Health: -1/41      AC:  6    Str:  8    XL:     5   Next: 85%
Magic:  10/10      EV: 10    Int: 23    God:    Vehumet [......]
Gold:   139        SH:  4    Dex: 13    Spells: 8/11 levels left

rFire   . . .      SeeInvis .   i - +2 sling (flame)
rCold   x . .      Faith    .   (no shield)
rNeg    + + +      Spirit   .   p - +0 ring mail of the Harvest {rC- rN+++ Int+4}
rPois   .          Reflect  .   (no helmet)
rElec   .          Harm     .   (no cloak)
rCorr   .          Rampage  .   l - +0 pair of gloves
Will    .....                   (no boots)
Stlth   +.........              (no amulet)
HPRegen 0.13/turn               (no ring)
MPRegen 0.12/turn               (no ring)

@: no status effects
A: large bone plates 1, demonic touch 1
a: Renounce Religion


You were on level 4 of the Dungeon.
You worshipped Vehumet.
Vehumet was noncommittal.
You visited 1 branch of the dungeon, and saw 4 of its levels.

You collected 169 gold pieces.
You spent 30 gold pieces at shops.

Inventory:

Hand Weapons
 c - a +0 dagger
 i - a +2 sling of flaming (weapon)
Armour
 l - a +0 pair of gloves (worn)
 p - the +0 ring mail of the Harvest (worn) {rC- rN+++ Int+4}
   (You found it on level 3 of the Dungeon)

   Int:       It affects your intelligence (+4).
   rC:        It makes you vulnerable to cold.
   rN:        It renders you almost immune to negative energy.
Wands
 u - a wand of polymorph (6)
Scrolls
 d - a scroll of enchant weapon {unknown}
 e - 2 scrolls of noise {unknown}
 k - 2 scrolls of butterflies {unknown}
 m - 2 scrolls of magic mapping {unknown}
 n - a scroll of teleportation {unknown}
 o - 3 scrolls of identify {unknown}
 q - 2 scrolls of poison {unknown}
Potions
 a - 2 potions of mutation {unknown}
 b - a potion of magic
 f - a potion of might {unknown}
 g - 2 potions of attraction {unknown}
 h - a potion of brilliance {unknown}
 j - a potion of degeneration {unknown}
 r - a potion of lignification {unknown}
 s - a potion of curing
 t - a potion of heal wounds {unknown}


   Skills:
 + Level 3.1 Fighting
 - Level 1.7 Dodging
 - Level 1.7 Stealth
 + Level 3.6 Spellcasting
 - Level 0.8 Transmutations
 + Level 4.1 Earth Magic


You had 8 spell levels left.
You knew the following spells:

 Your Spells              Type           Power      Damage    Failure   Level
a - Sandblast             Erth           46%        2d11      6%          1
b - Passwall              Tmut/Erth      12%        N/A       19%         2

Your spell library contained the following spells:

 Spells                   Type           Power      Damage    Failure   Level
 Beastly Appendage        Tmut           16%        N/A       24%         1
 Magic Dart               Conj           16%        1d3       34%         1
 Wereblood                Tmut           8%         N/A       34%         2
 Stone Arrow              Conj/Erth      26%        3d8       41%         3
 Call Imp                 Summ           4%         N/A       45%         2
 Spider Form              Tmut/Pois      6%         N/A       63%         3
 Mephitic Cloud           Conj/Pois/Air  4%         N/A       71%         3
 Petrify                  Tmut/Erth      15%        N/A       77%         4
 Summon Lightning Spire   Summ/Air       4%         N/A       98%         4
 Storm Form               Tmut/Air       3%         N/A       100%        7
 Maxwell's Capacitive Co  Air            2%         ∞         100%        8


Dungeon Overview and Level Annotations

Branches:
Dungeon (4/15) Zot: 20334
 Temple: D:4-7

Altars:
Kikubaaqudgha
Qazlal
Vehumet

Shops:
D:4 !


Innate Abilities, Weirdness & Mutations

You are partially covered in large bone plates. (SH +4)
Your touch may inflict minor irresistible damage on your foes.


Message History

The sling bullet burns the black bear.
The black bear is severely wounded.
The black bear goes berserk!
A black bear is nearby!
You shoot a sling bullet. The sling bullet hits the black bear.
The sling bullet burns the black bear.
The black bear is almost dead.
The black bear closely misses you. You block the black bear's attack.
The black bear claws you but does no damage.
The black bear bites you but does no damage.
The black bear claws you.
The black bear claws you but does no damage.
Unknown command.
Casting: Sandblast (safe; 8% risk of failure)
Confirm with . or Enter, or press ? or * to list all spells.
Aiming: Sandblast (safe; 8% risk of failure)
Press: ? - help, Shift-Dir - straight line, f/p - black bear
Aim: a black bear (almost dead, berserk, 87% to hit)
The blast of sand hits the black bear!
You kill the black bear!
Your Fighting skill increases to level 3!
Your Earth Magic skill increases to level 4!
Unknown command.
Unknown command.
You see here a black bear corpse.
You aren't carrying any pieces of jewellery.
Unknown command.
Okay, then.
Okay, then.
You start resting.
Magic restored.
Really walk into a travel-excluded area?
Really walk into that cloud of flame?
You are engulfed in blazing flames.
Ouch! That really hurt!
There is a radiant altar of Vehumet here.
You kneel at the altar of Vehumet.
Vehumet welcomes you!
You are engulfed in blazing flames.
You die...

#####.####### .#.#.#.#...∩...#
............# #................#
##.....#########.................
.'....................###......##
.#......########..# ..# #......##
.####...#.........##..# #..#.....
.# #...#.......§.....# #..#.....
.# ##'##......°.°.#..###..#.#.#.
.# #.##.....○§@..........#.#.#.
.# #.##......§.○......†........
.# #.##.....°.°..#.#####.#.#.#.
.# #.##..†....#................
.# #.##.......#.##.#####.#.#.#.
.# #.##.......#.# .# #.#.#.#. .#
#.####..####.## # #.#.#... .#
###.####..# .##.#####.#.#.## .#
.........####.##...<##.#.#.#


There were no monsters in sight!

Vanquished Creatures
  A black bear (D:4)
  An orc wizard (D:4)
  5 adders
  4 dart slugs
  9 orcs (D:4)
  4 endoplasms
  3 giant cockroaches
  6 goblins
  7 hobgoblins
  5 quokkas (D:1)
  6 ball pythons
  4 bats
  7 frilled lizards
  10 kobolds
  7 rats
79 creatures vanquished.

Notes
Turn   | Place    | Note
-------+----------+-------------------------------------------
     0 | D:1      | protoss039 the Demonspawn Earth Elementalist began the
                  | quest for the Orb.
     0 | D:1      | Reached XP level 1. HP: 13/13 MP: 3/3
   306 | D:1      | Gained mutation: Your touch may inflict minor irresistible
                  | damage on your foes. [demonic ancestry]
   306 | D:1      | Reached XP level 2. HP: 16/20 MP: 1/5
   430 | D:1      | Reached skill level 1 in Fighting
   631 | D:1      | Reached skill level 3 in Earth Magic
   780 | D:1      | Found a faded altar of an unknown god.
  1086 | D:1      | Reached XP level 3. HP: 26/26 MP: 4/6
  1250 | D:1      | Learned a level 2 spell: Passwall
  2203 | D:3      | Gained mutation: You are partially covered in large bone
                  | plates. (SH +4) [demonic ancestry]
  2203 | D:3      | Reached XP level 4. HP: 33/33 MP: 8/8
  2212 | D:3      | Identified the +0 ring mail of the Harvest {rC- rN+++
                  | Int+4}
  2399 | D:3      | Found a stormy altar of Qazlal.
  3028 | D:3      | Found an ancient bone altar of Kikubaaqudgha.
  3220 | D:4      | Found Lomoat's Distillery.
  3228 | D:4      | Bought a potion of curing for 30 gold pieces
  3313 | D:4      | Reached XP level 5. HP: 29/39 MP: 7/9
  3554 | D:4      | Found a radiant altar of Vehumet.
  3557 | D:4      | Noticed a black bear
  3563 | D:4      | Killed a black bear
  3564 | D:4      | Reached skill level 4 in Earth Magic
  3583 | D:4      | Became a worshipper of Vehumet
  3583 | D:4      | Engulfed by a cloud of flame

Illustrated notes

Levels and vault maps discovered:
D:1:      dpeg_arrival_erosion, layout_loops_ring,
          ebering_ecumenical_altar_sacrificial, minmay_misc_feat_iff
D:2:      layout_loops_cross, minmay_distorted
D:3:      layout_basic, marbit_many_paths, nicolae_qazlal_general_emergency
D:4:      layout_basic, fiery_altar_vehumet, serial_shops, nicolae_shop_crystal,
          shop, minmay_vboxes

Skill      XL: |  1  2  3  4  5 |
---------------+----------------+-----
Fighting       | 1 2 3 |  3.1
Earth Magic    | 3 4 |  4.1
Spellcasting   | 3 |  3.6
Dodging        | |  1.7
Stealth        | |  1.7
Transmutations | |  0.8

Action                   |  1- 3 |  4- 6 || total
-------------------------+-------+-------++-------
Melee: Dagger            |     7 |     1 ||     8
       Touch             |     3 |       ||     3
       Sling             |       |     1 ||     1
 Fire: Sling             |    29 |    64 ||    93
 Cast: Sandblast         |    43 |    21 ||    64
Armor: Robe              |     9 |       ||     9
       Ring mail         |    11 |    23 ||    34
Dodge: Dodged            |    27 |    29 ||    56
Block: Other             |       |     3 ||     3
